Tangles, chaotic female sylph Rogue --- - - |..--.| |.--- |.....| |...------ ---- - |.....| --%......|---- ---- |..-----------.---- ---.|.--- --..---.--..--------------..-------%..........|.....-- |...|.|--- |-%(.|..............%...............----<.--........| |.|.|.|...|--....|-...------------......--------- |........)...-- |.|......-|....----%%..| --[....| --.......[...| |.|.....---..........-.| |....-- --....%....).-- |.|.....|.%.------...... ------ --.--..........-- |.|.--..|.--| --...Eu.. |..|---.........| |.|.----|...-- --......... |..---|.........| |.|...| |....|--.......... |--..|--.---....| |...|.---...--|............ --.|..| --- |....| --- |...|.......| --............ |.....| --....---.-- |...|--.....| |....%....... |.....| ----..........-- ----- |....-- --......%.... |....-- |..............--- ---.-- --..>...^.. ---..| --..............[| - |.....-- --- ----............| --.-- --..--.|.|..-- --- ----------- Tangles the Rogue Experience level: 7 Strength: 16 Dexterity: 20 Constitution: 14 Intelligence: 10 Wisdom: 8 Charisma: 9 Health: 0(52) Energy: 33(33) Def: 6 Gold: 0 Moves: 4258 Dungeon seed: Krge9on8KY0NpcDU Game ID: Tangles_1467628288 Your Inventory: Weapons a - a +0 short sword (weapon in hand) g - 9 blessed +0 daggers (in quiver) j - a +1 dagger Armor y - an uncursed +0 dwarvish cloak (being worn) z - an uncursed +0 dwarvish cloak Comestibles k - an uncursed lizard corpse named Lizzy m - an uncursed tin of violet fungus r - an uncursed eucalyptus leaf s - 9 uncursed food rations w - an uncursed cream pie D - an uncursed fortune cookie L - an uncursed lichen corpse T - an uncursed egg U - an uncursed tripe ration Wands h - a wand of opening (0:3) O - a wand of striking (0:7) Z - a wand of sleep (0:4) Tools c - an uncursed stethoscope d - an uncursed sack l - an uncursed skeleton key n - an uncursed blindfold p - 2 uncursed tallow candles (0:200) x - a can of grease (0:8) A - an uncursed partly used tallow candle (lit) (0:86) F - an uncursed bag of holding G - an uncursed skeleton key Gems e - an uncursed worthless piece of orange glass q - an uncursed worthless piece of black glass N - an uncursed worthless piece of yellow glass Contents of the bag of holding: 563 gold pieces 9 +0 daggers a cursed -2 dagger a +0 dwarvish short sword an uncursed +0 dwarvish cloak a cursed -1 dwarvish cloak 4 uncursed scrolls of blank paper an uncursed scroll of enchant armor a blessed scroll of enchant weapon an uncursed scroll of identify an uncursed scroll of light a blessed scroll of stinking cloud a blessed potion of booze an uncursed potion of fruit juice an uncursed potion of gain energy an uncursed potion of gain level a blessed potion of healing an uncursed potion of healing an uncursed potion of levitation 4 uncursed potions of object detection an uncursed potion of sickness an uncursed potion of sleeping an uncursed potion of water a +0 pick-axe 6 blessed wax candles (0:400) an uncursed wax candle (0:400) Spells and supernatural/magical abilities: Name Level Category Fail Memory W - pray for help -- divine ? -- Your skills at the end: Miscellaneous Skills wands [Basic] Weapon Skills dagger [Skilled] short sword [Basic] Spellcasting Skills healing spells [Basic] Final Attributes: You were piously aligned. You were poison resistant. You saw invisible. You had infravision. You were stealthy. You were protected. You were protected from shape changers. You are dead. Vanquished creatures: a leprechaun 2 quivering blobs a lizard a gnome king 2 dingos a dwarf lord a water nymph 2 human zombies a fire ant 4 wood nymphs a Mordor orc an Uruk-hai a rock mole a rock piercer 2 yellow lights a violet fungus 8 gnome lords 4 gnomish wizards 2 kobold mummies 3 elf zombies a paper golem a little dog a kitten 8 dwarves an iguana 4 rothes 2 giant bats 7 monkeys 2 orc zombies a coyote a large kobold a gecko 4 cave spiders a brown mold a yellow mold 3 red molds 29 gnomes 2 garter snakes 2 jackals 2 foxes a kobold 5 newts 2 sewer rats a bat 5 lichens a kobold zombie 129 creatures vanquished. Voluntary challenges: You were vegetarian. You had followed a strict vegan diet until turn 1802. You did not adorn yourself with jewelry or accessories. You used a wielded weapon 161 times, starting on turn 70. You did not apply a unicorn horn. You read items or engraved 1 time, starting on turn 4218. You never genocided any monsters. You never polymorphed an object. You never changed form. You used no wishes. You never split a pudding. You wrote Elbereth's name 1 time, starting on turn 4218. You never violated your personal moral code. Dungeon overview: The Dungeons of Doom: levels 1 to 3 Level 1 an altar to Issek, a fountain a long staircase Level 2 a fountain stairs to The Gnomish Mines Level 3 The Gnomish Mines: levels 3 to 6 Level 3 stairs to The Dungeons of Doom Level 4 Level 5 many shops, a temple to Kos, a magic chest, some fountains, a sink Level 6 <- You were here History has recorded: On T:1 you entered the Dungeons of Doom to retrieve the Amulet of Yendor! On T:330 you reached level 2 of The Dungeons of Doom. On T:366 you reached level 1 of The Gnomish Mines. On T:498 you reached level 3 of The Dungeons of Doom. On T:610 you advanced to experience level 2. On T:664 you advanced to experience level 3. On T:698 you advanced to experience level 4. On T:845 you advanced to experience level 5. On T:946 you reached level 2 of The Gnomish Mines. On T:1159 you reached level 3 of The Gnomish Mines. On T:1179 you reached level 4 of The Gnomish Mines. On T:1201 you advanced to experience level 6. On T:1291 you entered the Minetown temple On T:1571 you opened a magic chest. On T:1572 you opened a magic chest. On T:1656 you opened a magic chest. On T:1657 you opened a magic chest. On T:2669 you opened a magic chest. On T:3103 you advanced to experience level 7. On T:3260 you opened a magic chest. On T:3261 you opened a magic chest. On T:3614 you opened a magic chest. On T:3615 you opened a magic chest. Score breakdown: Gold: 563 ( 56 points) Experience: 7 levels ( 600 points) Exploration: 6 levels ( 150 points) Discoveries: 9 items ( 450 points) Variety of kills: 46 monsters ( 2000 points) Major goal: reached Minetown ( 500 points) Survival: died (score multiplied by 3) Total score: 11268 Latest messages: You kill the dingo! A gush of water hits the gray unicorn! g - 3 blessed daggers (in quiver). There are a few more objects here. You kill the lichen! You see here a lichen corpse. L - a lichen corpse. The gray unicorn butts! The gray unicorn kicks! The gray unicorn butts! The gray unicorn kicks! Status of the gray unicorn (neutral): Level 4 HP 24(24) Def 8. You stab the gray unicorn. The gray unicorn butts! The gray unicorn kicks! The gray unicorn butts! The gray unicorn kicks! You die... The sack is empty. The sack is empty. Final status: Goodbye Tangles the Rogue, killed by a gray unicorn... You died in The Gnomish Mines on dungeon level 6 with 11268 points, and 563 pieces of gold, after 4258 moves. You were level 7 with a maximum of 52 hit points when you died.